 Dungeon Crawl Stone Soup version 0.30.0-16-gbe6223bb7e (webtiles) character file.

Game seed: 11236638542687450237

117 fleet the Gusty (level 5, -1/31 HPs)
             Began as a Tengu Air Elementalist on May 20, 2023.
             Succumbed to Crazy Yiuf's poison
             ... on level 3 of the Dungeon on May 21, 2023.
             The game lasted 00:04:56 (2872 turns).

fleet the Gusty (Tengu Air Elementalist)            Turns: 2872, Time: 00:04:59

Health: -1/31      AC:  3    Str:  9    XL:     5   Next: 1%
Magic:  3/9        EV: 14    Int: 17    God:
Gold:   212        SH:  0    Dex: 14    Spells: 7/8 levels left

rFire   + . .        (no weapon)
rCold   . . .        (no shield)
rNeg    . . .        m - +0 leather armour
rPois   .            (helmet restricted)
rElec   .            (no cloak)
rCorr   .            (no gloves)
SInv    .            (boots unavailable)
Will    .....        (no amulet)
Stlth   ++           p - ring of protection from fire
HPRegen 0.25/turn    (no ring)
MPRegen 0.11/turn

%: no passive effects
@: lethally poisoned (-1 -> -22), flying quickly and evasively, quick
A: beak, talons 3, nimble flight
a: no special abilities


You were on level 3 of the Dungeon.
You visited 1 branch of the dungeon, and saw 3 of its levels.

You collected 212 gold pieces.

Inventory:

Armour
 m - a +0 leather armour (worn)
Jewellery
 p - a ring of protection from fire (left hand)
Wands
 r - a wand of quicksilver (5)
Scrolls
 c - 2 scrolls of immolation {unknown}
 e - 2 scrolls of poison {unknown}
 f - 4 scrolls of fog {unknown}
 h - 4 scrolls of enchant armour {unknown}
 i - 2 scrolls of vulnerability {unknown}
 j - 3 scrolls of enchant weapon {unknown}
 k - a scroll of noise {unknown}
 l - 3 scrolls of teleportation {unknown}
 n - a scroll of amnesia {unknown}
Potions
 a - 2 potions of attraction
 b - a potion of magic
 g - a potion of haste
 o - a potion of berserk rage
 q - a potion of degeneration


   Skills:
 + Level 2.3 Fighting
 - Level 2.5 Dodging
 - Level 2.3 Stealth
 - Level 2.2 Spellcasting
 - Level 2.0 Conjurations
 + Level 5.5 Air Magic


You had 7 spell levels left.
You knew the following spells:

 Your Spells              Type           Power      Damage    Failure   Level
a - Shock                 Conj/Air       56%        1d6       5%          1

Your spell library contained the following spells:

 Spells                   Type           Power      Damage    Failure   Level
 Static Discharge         Conj/Air       28%        2-4/arc   9%          2
 Swiftness                Air            20%        N/A       9%          3
 Airstrike                Air            10%        2d(2-18)  26%         4


Dungeon Overview and Level Annotations

Branches:
Dungeon (3/15)

Altars:

Annotations:
D:3 Crazy Yiuf


Innate Abilities, Weirdness & Mutations

You have a beak for a mouth.
You have claws for feet.
Your magical nature lets you fly swiftly and evasively.


Message History

Crazy Yiuf is moderately wounded.
The zap hits Jessica.
Jessica is heavily wounded.
Crazy Yiuf yells, "Flower!"
Crazy Yiuf barely misses you.
Casting: Shock (safe; 6% risk of failure)
Confirm with . or Enter, or press ? or * to list all spells.
Aiming: Shock (safe; 6% risk of failure)
Press: ? - help, Shift-Dir - straight line, f/p - Jessica
Aim: Jessica, wielding a +0 club and wearing a +0 robe (heavily wounded, 71% to hit)
The zap hits Crazy Yiuf.
Crazy Yiuf is heavily wounded.
The zap hits Jessica.
Jessica is almost dead.
Crazy Yiuf hits you with a +4 quarterstaff of chaos!
Ouch! That really hurt!
You are lethally poisoned!
Jessica casts a spell.
Jessica seems to speed up.
Casting: Shock (safe; 6% risk of failure)
Confirm with . or Enter, or press ? or * to list all spells.
Aiming: Shock (safe; 6% risk of failure)
Press: ? - help, Shift-Dir - straight line, f/p - Jessica
Aim: Jessica, wielding a +0 club and wearing a +0 robe (almost dead, fast, 71% to hit)
The zap hits Crazy Yiuf.
Crazy Yiuf is severely wounded.
The zap hits Jessica.
You kill Jessica!
* * * LOW HITPOINT WARNING * * *
You feel extremely sick. Crazy Yiuf barely misses you.
You have reached level 5!
Your magical nature develops, letting you fly swiftly and evasively.
Casting: Shock (safe; 5% risk of failure)
Confirm with . or Enter, or press ? or * to list all spells.
Aiming: Shock (safe; 5% risk of failure)
Press: ? - help, Shift-Dir - straight line, f - Crazy Yiuf
Aim: Crazy Yiuf, wielding a +4 quarterstaff of chaos and wearing a +0 cloak (severely wounded, 75% to hit)
The zap hits Crazy Yiuf but does no damage.
Crazy Yiuf is severely wounded.
You die...

###.#.###.#####....#####.#
###.#.....# #....# #.#
.##.####### ♣....♣ ##.## #
###.######## ♣♣...♣
##...####### # #........#
♣♣.♣♣ #...........
#..####### ♣♣.♣ #.....######
###..### ♣.♣♣ #.#.#(# #
.......##### ♣♣.♣ #.....# ##
..[..#.##..# ♣@♣♣ #.#.#.# #.
#.#..#.##.## #g# #.....# #.
..........# .). #####.# #.
#.#..#.#### #...# #.# #.
.....#.# #)..# #.# #.
#[##...##### ##### #.# ##
...........# #.#
.>.....#.#################.#
.........)....#............#


You could see Crazy Yiuf.

Vanquished Creatures
  Jessica (D:3)
  Terence (D:3)
  2 adders (D:2)
  2 worms (D:2)
  A dart slug (D:3)
  An orc (D:3)
  4 bats
  3 endoplasms
  A giant cockroach (D:1)
  3 goblins
  5 hobgoblins
  2 kobolds
  3 quokkas
  3 ball pythons
  3 frilled lizards
  5 rats
40 creatures vanquished.

Notes
Turn   | Place    | Note
-------+----------+-------------------------------------------
     0 | D:1      | fleet the Tengu Air Elementalist began the quest for the
                  | Orb.
     0 | D:1      | Reached XP level 1. HP: 10/10 MP: 4/4
   451 | D:1      | Reached XP level 2. HP: 15/15 MP: 0/6
   831 | D:2      | Reached XP level 3. HP: 19/19 MP: 0/7
  1108 | D:2      | Reached skill level 1 in Fighting
  1920 | D:3      | Found a runed translucent door.
  1920 | D:3      | Noticed Jessica
  1921 | D:3      | Noticed Crazy Yiuf
  2339 | D:3      | Noticed Terence
  2345 | D:3      | HP: 1/20 [Terence/bolt of dispelling energy (19)]
  2346 | D:3      | Killed Terence
  2347 | D:3      | Reached skill level 5 in Air Magic
  2347 | D:3      | Reached XP level 4. HP: 2/26 MP: 0/8
  2670 | D:3      | Identified the +0 leather armour of Hirrec {rF++ rC- Dex+4}
  2871 | D:3      | Killed Jessica
  2872 | D:3      | Gained mutation: Your magical nature lets you fly swiftly
                  | and evasively. [Tengu growth]
  2872 | D:3      | Reached XP level 5. HP: 4/31 MP: 4/9
  2872 | D:3      | Succumbed to Crazy Yiuf's poison

Illustrated notes

Levels and vault maps discovered:
D:1:      kennysheep_arrival_seaside, layout_rooms
D:2:      layout_basic
D:3:      layout_loops_ring, hangedman_abyss_or_decor_lesser_grid,
          uniq_crazy_yiuf_cottage, uniq_terence, uniq_jessica

Skill      XL: |  1  2  3  4 |
---------------+-------------+-----
Conjurations   | 2 |  2.0
Fighting       | 1 2 |  2.3
Air Magic      | 5 |  5.5
Dodging        | |  2.5
Stealth        | |  2.3
Spellcasting   | |  2.2

Action                     |  1- 3 |  4- 6 || total
---------------------------+-------+-------++-------
  Melee: Unarmed           |    32 |       ||    32
         Kick              |     9 |       ||     9
         Peck              |     3 |       ||     3
   Cast: Shock             |    75 |    22 ||    97
    Use: Scroll            |       |     4 ||     4
 Armour: Robe              |     6 |       ||     6
         Leather armour    |     1 |       ||     1
  Dodge: Dodged            |    28 |     4 ||    32
